3AAA
SUNSET DISTRICT FOG @ PENNSAUKEN FLYERS
07/04/2029
 
TOP OF THE 1ST
Sunset District Fog batting - Pitching for Pennsauken Flyers : RHP Robby McDonald
Pitching: RHP Robby McDonald
Batting: SHB Orlando Villa 0-0: Called Strike
0-1: Ball
1-1: Foul Ball, location: 2F
1-2: Ball
2-2: Ball
3-2: DOUBLE (Flyball, 8LXD)
Batting: RHB Raúl Chávez 0-0: Ball
1-0: Called Strike
1-1: Ball
2-1: Ball
3-1: Ground out 5-3 (Groundball, 56S)
Orlando Villa to third
Batting: RHB Alfonso Nazario 0-0: Called Strike
0-1: Ball
1-1: Ball
2-1: Ball
3-1: Called Strike
3-2: Base on Balls
Batting: RHB Simon Yusaf Khel 0-0: Ball
1-0: Swinging Strike
1-1: Ball
2-1: Fly out, F6 (Line Drive, 6M)
Batting: SHB Joaquín Reyes 0-0: Called Strike
0-1: Ball
1-1: Swinging Strike
1-2: Ground out 4-3 (Groundball, 4)
Top of the 1st over - 0 runs, 1 hit, 0 errors, 2 left on base; Sunset District 0 - Pennsauken 0
BOTTOM OF THE 1ST
Pennsauken Flyers batting - Pitching for Sunset District Fog : RHP Miguel Cabañas
Pitching: RHP Miguel Cabañas
Batting: SHB Nuygen Vuong 0-0: Swinging Strike
0-1: Ball
1-1: Called Strike
1-2: SINGLE (Flyball, 89S)
Batting: RHB Stephen Johnson 0-0: Ball
1-0: Called Strike
1-1: Fielders Choice at 2nd, 4-6 (Groundball, 4)
Batting: LHB Javier Antonio Pickoff Throw to First - Out!
0-0: Called Strike
0-1: Ball
1-1: Called Strike
1-2: Ball
2-2: Strikes out swinging
Bottom of the 1st over - 0 runs, 1 hit, 0 errors, 0 left on base; Sunset District 0 - Pennsauken 0
TOP OF THE 2ND
Sunset District Fog batting - Pitching for Pennsauken Flyers : RHP Robby McDonald
Batting: RHB Armando Rodríguez 0-0: SINGLE (Groundball, 56D)
Batting: LHB Enrique Vásquez 0-0: Ball
1-0: Foul Ball, location: 2F
1-1: Ball
2-1: Swinging Strike
2-2: Strikes out swinging
Batting: RHB José Vargas 0-0: Foul Ball, location: 2F
0-1: Foul Ball, location: 2F
0-2: Fly out, F9 (Flyball, 9S)
Batting: RHB Diego Rodríguez 0-0: Foul Ball, location: 2F
0-1: Swinging Strike
0-2: Strikes out swinging
Top of the 2nd over - 0 runs, 1 hit, 0 errors, 1 left on base; Sunset District 0 - Pennsauken 0
BOTTOM OF THE 2ND
Pennsauken Flyers batting - Pitching for Sunset District Fog : RHP Miguel Cabañas
Batting: RHB Patrick Eggen 0-0: Fly out, F3 (Line Drive, 34)
Batting: LHB Raúl Godines 0-0: Ball
1-0: Ground out U3 (Groundball, 34)
Batting: RHB Jesús Sánchez 0-0: Ball
1-0: Called Strike
1-1: Ball
2-1: Ball
3-1: Base on Balls
Batting: RHB Roy McFerran 0-0: Fly out, F7 (Line Drive, 7)
Bottom of the 2nd over - 0 runs, 0 hits, 0 errors, 1 left on base; Sunset District 0 - Pennsauken 0
TOP OF THE 3RD
Sunset District Fog batting - Pitching for Pennsauken Flyers : RHP Robby McDonald
Batting: SHB Orlando Villa 0-0: Ball
1-0: SINGLE (Line Drive, 8RS)
Batting: RHB Raúl Chávez 0-0: Fly out, F1 (Line Drive, 15)
Batting: RHB Alfonso Nazario 0-0: Ball
1-0: Ball
Orlando Villa is caught stealing 2nd base
2-0: Ball
3-0: Base on Balls
Batting: RHB Simon Yusaf Khel 0-0: Called Strike
0-1: Ball
1-1: Ball
2-1: Ball
3-1: Ground out 5-3 (Groundball, 56S)
Top of the 3rd over - 0 runs, 1 hit, 0 errors, 1 left on base; Sunset District 0 - Pennsauken 0
BOTTOM OF THE 3RD
Pennsauken Flyers batting - Pitching for Sunset District Fog : RHP Miguel Cabañas
Batting: LHB Francisco Ortega 0-0: Foul Ball, location: 2F
0-1: Ball
1-1: Called Strike
1-2: Ball
2-2: Ground out 4-3 (Groundball, 4)
Batting: RHB Abdul-Fattah bin Najjar 0-0: Ball
1-0: Fly out, F8 (Flyball, 8RXD)
Batting: SHB Nuygen Vuong 0-0: Ball
1-0: Foul Ball, location: 2F
1-1: Ball
2-1: Ball
3-1: Base on Balls
Batting: RHB Stephen Johnson 0-0: Ball
1-0: Ball
2-0: Foul Ball, location: 2F
2-1: Fielders Choice at 2nd, 6-4 (Groundball, 6)
Bottom of the 3rd over - 0 runs, 0 hits, 0 errors, 1 left on base; Sunset District 0 - Pennsauken 0
TOP OF THE 4TH
Sunset District Fog batting - Pitching for Pennsauken Flyers : RHP Robby McDonald
Batting: SHB Joaquín Reyes 0-0: Ball
1-0: Ball
2-0: Fly out, F9 (Flyball, 89XD)
Batting: RHB Armando Rodríguez 0-0: Ball
1-0: Ball
2-0: Ball
3-0: Called Strike
3-1: SINGLE (Line Drive, 6MD)
Batting: LHB Enrique Vásquez 0-0: Fielders Choice at 2nd, 6-4 (Groundball, 6)
Batting: RHB José Vargas 0-0: Foul Ball, location: 2F
0-1: Swinging Strike
0-2: Ball
1-2: Fly out, F5 (Popup, 5SF)
Top of the 4th over - 0 runs, 1 hit, 0 errors, 1 left on base; Sunset District 0 - Pennsauken 0
BOTTOM OF THE 4TH
Pennsauken Flyers batting - Pitching for Sunset District Fog : RHP Miguel Cabañas
Batting: LHB Javier Antonio 0-0: Ball
1-0: Ball
2-0: Ball
3-0: Called Strike
3-1: Called Strike
3-2: Strikes out looking
Batting: RHB Patrick Eggen 0-0: Ball
1-0: Ball
2-0: SINGLE (Line Drive, 4D)
Batting: LHB Raúl Godines 0-0: Foul Ball, location: 2F
0-1: Ball
1-1: Ball
2-1: Ball
3-1: Called Strike
3-2: Grounds into double play, 6-4-3 (Groundball, 6)
Bottom of the 4th over - 0 runs, 1 hit, 0 errors, 0 left on base; Sunset District 0 - Pennsauken 0
TOP OF THE 5TH
Sunset District Fog batting - Pitching for Pennsauken Flyers : RHP Robby McDonald
Batting: RHB Diego Rodríguez 0-0: Ball
1-0: Called Strike
1-1: Ball
2-1: Fly out, F4 (Line Drive, 4M)
Batting: SHB Orlando Villa 0-0: Ball
1-0: Ball
2-0: Swinging Strike
2-1: Foul Ball, location: 2F
2-2: Ball
3-2: Foul Ball, location: 2F
3-2: DOUBLE (Flyball, 9D)
Batting: RHB Raúl Chávez 0-0: Ball
1-0: Called Strike
Orlando Villa steals 3rd base
1-1: Ground out 6-3 (Groundball, 6)
Orlando Villa scores
Batting: RHB Alfonso Nazario 0-0: Foul Ball, location: 2F
0-1: Foul Ball, location: 2F
0-2: Foul Ball, location: 2F
0-2: Foul Ball, location: 2F
0-2: Ball
1-2: Ball
2-2: Foul Ball, location: 2F
2-2: Strikes out looking
Top of the 5th over - 1 run, 1 hit, 0 errors, 0 left on base; Sunset District 1 - Pennsauken 0
BOTTOM OF THE 5TH
Pennsauken Flyers batting - Pitching for Sunset District Fog : RHP Miguel Cabañas
Batting: RHB Jesús Sánchez 0-0: Ball
1-0: Ball
2-0: Called Strike
2-1: SINGLE (Flyball, 8LS)
Batting: RHB Roy McFerran 0-0: Bunt - Flyout! F2
Batting: LHB Francisco Ortega 0-0: Called Strike
Throwing error on steal attempt, E2
Jesús Sánchez to third
0-1: Ball
1-1: Foul Ball, location: 2F
1-2: Ball
2-2: Ball
3-2: Fly out, F7 (Flyball, 7LSF)
Runner from 3rd tags up, SCORES, no throw
Batting: RHB Abdul-Fattah bin Najjar 0-0: Foul Ball, location: 2F
0-1: Swinging Strike
0-2: Ball
1-2: Strikes out looking
Bottom of the 5th over - 1 run, 1 hit, 1 error, 0 left on base; Sunset District 1 - Pennsauken 1
TOP OF THE 6TH
Sunset District Fog batting - Pitching for Pennsauken Flyers : RHP Robby McDonald
Batting: RHB Simon Yusaf Khel 0-0: Ball
1-0: Called Strike
1-1: Ball
2-1: Called Strike
2-2: Ball
3-2: Base on Balls
Batting: SHB Joaquín Reyes 0-0: Ball
1-0: Called Strike
1-1: Ball
2-1: Ball
3-1: Grounds into double play, 5-4-3 (Groundball, 56)
Batting: RHB Armando Rodríguez 0-0: Ball
1-0: Ground out 5-3 (Groundball, 56S)
Top of the 6th over - 0 runs, 0 hits, 0 errors, 0 left on base; Sunset District 1 - Pennsauken 1
BOTTOM OF THE 6TH
Pennsauken Flyers batting - Pitching for Sunset District Fog : RHP Miguel Cabañas
Batting: SHB Nuygen Vuong 0-0: Ball
1-0: Fly out, F5 (Popup, 5F)
Batting: RHB Stephen Johnson 0-0: Foul Ball, location: 2F
0-1: Foul Ball, location: 2F
0-2: Ball
1-2: SINGLE (Line Drive, 34)
Batting: LHB Javier Antonio 0-0: Ball
1-0: Swinging Strike
1-1: Fly out, F9 (Flyball, 9LS)
Batting: RHB Patrick Eggen Pickoff Throw to First - Out!
Bottom of the 6th over - 0 runs, 1 hit, 0 errors, 0 left on base; Sunset District 1 - Pennsauken 1
TOP OF THE 7TH
Sunset District Fog batting - Pitching for Pennsauken Flyers : RHP Robby McDonald
Batting: LHB Enrique Vásquez 0-0: Called Strike
0-1: Foul Ball, location: 2F
0-2: Foul Ball, location: 2F
0-2: Foul Ball, location: 2F
0-2: Fly out, F8 (Line Drive, 8RD)
Batting: RHB José Vargas 0-0: Called Strike
0-1: Foul Ball, location: 2F
0-2: SINGLE (Groundball, 6MD)
Pinch Hitting: LHB Pedro Tapia 0-0: Fielders Choice at 2nd, 6-4 (Groundball, 6)
Pitching: RHP Manny Hernández
Batting: SHB Orlando Villa 0-0: Called Strike
0-1: Ball
1-1: SINGLE (Groundball, 4MD)
Pedro Tapia to second
Runner from 2nd tries for 3rd, SAFE, no throw
Batting: RHB Raúl Chávez 0-0: Called Strike
0-1: Ball
1-1: Ball
2-1: Fielders Choice at 2nd, 5-4 (Groundball, 5)
Top of the 7th over - 0 runs, 2 hits, 0 errors, 2 left on base; Sunset District 1 - Pennsauken 1
BOTTOM OF THE 7TH
Pennsauken Flyers batting - Pitching for Sunset District Fog : RHP Miguel Cabañas
Now in LF: Pedro Tapia
Batting: RHB Patrick Eggen 0-0: Called Strike
0-1: Foul Ball, location: 2F
0-2: Ball
1-2: Ball
2-2: Ball
3-2: Base on Balls
Batting: LHB Raúl Godines 0-0: Called Strike
0-1: Fly out, F7 (Flyball, 7S)
Batting: RHB Jesús Sánchez 0-0: Called Strike
0-1: Ball
1-1: Ball
2-1: Foul Ball, location: 2F
2-2: Ball
3-2: Foul Ball, location: 2F
3-2: Ground out 5-3 (Groundball, 56S)
Patrick Eggen to second
Pitching: LHP Cristo Perales
Batting: RHB Roy McFerran 0-0: Ball
1-0: Foul Ball, location: 2F
1-1: Ground out 1-3 (Groundball, 13S)
Bottom of the 7th over - 0 runs, 0 hits, 0 errors, 1 left on base; Sunset District 1 - Pennsauken 1
TOP OF THE 8TH
Sunset District Fog batting - Pitching for Pennsauken Flyers : RHP Manny Hernández
Batting: RHB Alfonso Nazario 0-0: Ball
1-0: Ball
2-0: Ball
3-0: Called Strike
3-1: Foul Ball, location: 2F
3-2: Ground out 5-3 (Groundball, 56)
Pinch Hitting: SHB Albert Sánchez 0-0: Ball
1-0: Swinging Strike
1-1: Swinging Strike
1-2: Ball
2-2: Strikes out swinging
Batting: SHB Joaquín Reyes 0-0: Ball
1-0: Ball
2-0: SINGLE (Line Drive, 56D)
Batting: RHB Armando Rodríguez 0-0: Called Strike
0-1: Fly out, F6 (Popup, 6)
Top of the 8th over - 0 runs, 1 hit, 0 errors, 1 left on base; Sunset District 1 - Pennsauken 1
BOTTOM OF THE 8TH
Pennsauken Flyers batting - Pitching for Sunset District Fog : LHP Cristo Perales
Now at SS: Esteban Lugo
Pinch Hitting: RHB Dave Stockman 0-0: Ball
1-0: SINGLE (Flyball, 89M)
Pitching: LHP Billy Mays
Pinch Runner at 1st Marc Beck:
Batting: RHB Abdul-Fattah bin Najjar 0-0: Ball
1-0: SINGLE (Line Drive, 6MD)
Marc Beck to second
Batting: SHB Nuygen Vuong 0-0: Sac Bunt - play at first, batter OUT! 1-4
Marc Beck to third
Abdul-Fattah bin Najjar to second
Batting: RHB Stephen Johnson 0-0: Intentional Walk
Batting: LHB Javier Antonio 0-0: Called Strike
0-1: Grounds into fielders choice 5-2 (Groundball, 5L)
Abdul-Fattah bin Najjar to third
Stephen Johnson to second
Batting: RHB Patrick Eggen 0-0: Swinging Strike
0-1: Fly out, F7 (Flyball, 7)
Bottom of the 8th over - 0 runs, 2 hits, 0 errors, 3 left on base; Sunset District 1 - Pennsauken 1
TOP OF THE 9TH
Sunset District Fog batting - Pitching for Pennsauken Flyers : RHP Manny Hernández
Pitching: LHP Holden Rosen Grupp
Now in RF: Marc Beck
Batting: LHB Enrique Vásquez 0-0: Ball
1-0: Called Strike
1-1: Foul Ball, location: 2F
1-2: Ball
2-2: SINGLE (Groundball, 6MD)
Batting: RHB José Vargas 0-0: Swinging Strike
0-1: Ball
1-1: Ball
2-1: Foul Ball, location: 2F
2-2: SINGLE (Groundball, 34) (infield hit)
Enrique Vásquez to second
Batting: LHB Pedro Tapia 0-0: Called Strike
0-1: Called Strike
0-2: Foul Ball, location: 2F
0-2: Ball
1-2: Ball
2-2: Fly out, F7 (Flyball, 7D)
Batting: SHB Orlando Villa 0-0: SINGLE (Groundball, 6D)
Enrique Vásquez to third
José Vargas to second
Runner from 3rd tries for Home, SAFE, no throw
Batting: RHB Raúl Chávez 0-0: Ball
1-0: Ball
2-0: Foul Ball, location: 2F
2-1: Fielders Choice at 2nd, 5-4 (Groundball, 56)
José Vargas to third
Batting: RHB Alfonso Nazario 0-0: Swinging Strike
0-1: Ball
1-1: Foul Ball, location: 2F
1-2: Ball
2-2: Foul Ball, location: 2F
2-2: Foul Ball, location: 2F
2-2: Ball
Raúl Chávez steals 2nd base
3-2: Base on Balls
Batting: SHB Esteban Lugo 0-0: Fly out, F5 (Popup, 56)
Top of the 9th over - 1 run, 3 hits, 0 errors, 3 left on base; Sunset District 2 - Pennsauken 1
BOTTOM OF THE 9TH
Pennsauken Flyers batting - Pitching for Sunset District Fog : LHP Billy Mays
Pitching: LHP Cisco Flores
Batting: LHB Raúl Godines 0-0: Called Strike
0-1: Ball
1-1: Fly out, F2 (Popup, 13S)
Batting: RHB Jesús Sánchez 0-0: Foul Ball, location: 2F
0-1: Ball
1-1: Called Strike
1-2: Ball
2-2: SINGLE (Groundball, 6MD)
Batting: RHB Roy McFerran 0-0: Called Strike
0-1: Ball
1-1: Swinging Strike
1-2: Ball
2-2: Fly out, F6 (Popup, 15)
Batting: RHB Marc Beck 0-0: Called Strike
0-1: Fielders Choice at 2nd, 6-4 (Groundball, 56)
Bottom of the 9th over - 0 runs, 1 hit, 0 errors, 1 left on base; Sunset District 2 - Pennsauken 1
Tuesday, December 19th, 2017 - OOTP Baseball 18.8 Build 76